 Dungeon Crawl Stone Soup version 0.28.0-45-g0d030f2227 (webtiles) character file.

Game seed: 13092040795480053421

619 MisterFreud the Twirler (level 7, -5/62 HPs)
             Began as a Naga Fighter on May 3, 2022.
             Slain by an ogre
             ... wielding a +0 giant club
              (15 damage)
             ... on level 4 of the Dungeon.
             The game lasted 00:03:32 (3998 turns).

MisterFreud the Twirler (Naga Fighter)              Turns: 3998, Time: 00:03:32

Health: -5/62      AC:  9    Str: 20    XL:     7   Next: 46%
Magic:  7/7        EV:  7    Int:  8    God:
Gold:   187        SH:  0    Dex: 11    Spells: 6/6 levels left

rFire   . . .      SeeInvis +   l - +4 quarterstaff (chaos)
rCold   . . .      Faith    .   (shield currently unavailable)
rNeg    . . .      Spirit   .   b - +0 scale mail
rPois   +          Reflect  .   (no helmet)
rElec   .          Harm     .   m - +2 cloak {Stlth+}
rCorr   .          Rampage  .   (no gloves)
Will    .....                   (no barding)
Stlth   +.........              (no amulet)
HPRegen 0.20/turn               (no ring)
MPRegen 0.10/turn               (no ring)

@: mighty, weak-willed, very slow
A: AC +2, large, see invisible, deformed body, poison resistance, slowness 2,
spit poison 1, naga tail 1
a: Spit Poison


You were on level 4 of the Dungeon.
You visited 1 branch of the dungeon, and saw 4 of its levels.

You collected 187 gold pieces.

Inventory:

Hand Weapons
 a - a +0 long sword
 l - a +4 quarterstaff of chaos (weapon)
Missiles
 e - 5 curare-tipped darts
 h - 8 poisoned darts
Armour
 b - a +0 scale mail (worn)
 c - a +0 buckler
 m - a +2 cloak of stealth (worn)
Wands
 n - a wand of acid (8)
Scrolls
 f - 3 scrolls of identify
 o - a scroll of immolation {unknown}
Potions
 d - a potion of might
 i - a potion of heal wounds
 j - a potion of mutation {unknown}
 p - a potion of brilliance {unknown}


   Skills:
 - Level 3.0 Fighting
 - Level 4.4 Long Blades
 + Level 6.5 Staves
 - Level 2.4 Armour
 - Level 2.4 Shields


You had 6 spell levels left.
You didn't know any spells.
Your spell library contained the following spells:

 Spells                   Type           Power      Damage    Failure   Level
 Magic Dart               Conj           0%         1d3       77%         1
 Slow                     Hex            0%         N/A       77%         1
 Searing Ray              Conj           0%         2d4       88%         2
 Confusing Touch          Hex            0%         N/A       98%         3
 Summon Guardian Golem    Hex/Summ       0%         N/A       98%         3
 Tukima's Dance           Hex            0%         N/A       98%         3
 Vampiric Draining        Necr           0%         2d6       98%         3
 Anguish                  Hex/Necr       0%         N/A       100%        4
 Fulminant Prism          Conj/Hex       0%         3d6       100%        4
 Enfeeble                 Hex            0%         N/A       100%        7
 Orb of Destruction       Conj           0%         9d5       100%        7
 Spellforged Servitor     Conj/Summ      0%         N/A       100%        7


Dungeon Overview and Level Annotations

Branches:
Dungeon (4/15)
 Temple: D:4-7

Altars:
Fedhas

Shops:
D:4 :


Innate Abilities, Weirdness & Mutations

Your serpentine skin is tough. (AC +2)
You have supernaturally acute eyesight. (SInv)
Armour fits poorly on your strangely shaped body.
Your system is resistant to poisons. (rPois)
You cover ground very slowly.
You can spit poison.
You have a snake-like lower body.


Message History

The ogre hits itself with a +0 giant club!!
Unknown command.
You sock the ogre! You freeze the ogre.
You kill the ogre!
Unknown command.
You sock the giant cockroach! You burn the giant cockroach.
You kill the giant cockroach!
You hit the orc.
The orc is severely wounded.
The orc hits you with a +0 short sword.
You hit the orc. You burn the orc.
You kill the orc!
You hit the hobgoblin. You burn the hobgoblin.
The hobgoblin is heavily wounded.
An ogre comes into view. It is wielding a +0 giant club.
The hobgoblin hits you but does no damage.
You barely miss the hobgoblin.
The hobgoblin is heavily wounded.
The ogre shouts!
The hobgoblin hits you.
You hit the hobgoblin but do no damage.
The hobgoblin is poisoned.
The hobgoblin is heavily wounded.
An adder skeleton comes into view.
The hobgoblin hits you.
You sock the hobgoblin!
You kill the hobgoblin!
The ogre closely misses you. The ogre hits you with a +0 giant club.
The ogre barely misses you.
Items here: ( )) = ††††.
As you read the scroll labelled LIALUE HUOHI, it crumbles to dust.
Magic quickly surges around you.
It was a scroll of vulnerability.
The ogre barely misses you.
You feel very mighty all of a sudden. The ogre hits you with a +0 giant club!
* * * LOW HITPOINT WARNING * * *
Unknown command.
You bludgeon the ogre!!
The ogre is severely wounded.
The ogre hits you with a +0 giant club!
You die...

###..###...# ##...##.#
.###.# ##.##... ##.###.# .#
#.## #.#.... #.# #.# .# #..#
# #.... #.# #.# ## ##.#
#.... #.# #<# #.# #...
##.###.# #.# . #.. ##...##.#
#.# ....##Z##.....#.# #.#
#....OO@..#..#.# ####### #.#
....#####.....#.# #......
#####.##. ##...##...##.#
#.#####
.......#####.....######.#
#.#
######.......#.....#....#
#.# #.....###..##.#.#).###.#
#...............#......#
#............#..##.#########
##............#..##.# #.....


You could see 2 ogres and an adder skeleton (weak-willed).

Vanquished Creatures
  An ogre (D:4)
  A necrophage (D:4)
  A phantom (D:4)
  A bullfrog (D:4)
  A jelly (D:4)
  An orc priest (D:3)
  Crazy Yiuf (D:2)
  2 iguanas (D:4)
  A hound skeleton (D:4)
  6 adders
  3 gnolls (D:4)
  A worm (D:2)
  A dart slug (D:3)
  5 orcs
  4 bats
  8 endoplasms
  6 giant cockroaches
  2 goblins
  6 hobgoblins
  5 kobolds
  3 quokkas
  8 ball pythons
  3 frilled lizards
  2 rats (D:3)
73 creatures vanquished.

Vanquished Creatures (others)
  A fungus (D:3)
  A plant (D:3)
2 creatures vanquished.

Grand Total: 75 creatures vanquished

Notes
Turn   | Place    | Note
-------+----------+-------------------------------------------
     0 | D:1      | MisterFreud the Naga Fighter began the quest for the Orb.
     0 | D:1      | Reached XP level 1. HP: 21/21 MP: 1/1
    85 | D:1      | You fall into a shaft and drop 1 floor!
   361 | D:1      | Reached XP level 2. HP: 28/28 MP: 2/2
  1200 | D:2      | Reached XP level 3. HP: 31/34 MP: 3/3
  1746 | D:2      | Found a runed translucent door.
  1747 | D:2      | Noticed Crazy Yiuf
  2151 | D:2      | Killed Crazy Yiuf
  2152 | D:2      | Reached XP level 4. HP: 28/42 MP: 0/4
  2395 | D:3      | Found a faded altar of an unknown god.
  2419 | D:3      | Reached skill level 1 in Staves
  2566 | D:3      | Found a blossoming altar of Fedhas.
  2578 | D:3      | Reached skill level 2 in Staves
  2578 | D:3      | Reached XP level 5. HP: 37/49 MP: 5/5
  2973 | D:4      | Reached skill level 3 in Staves
  3239 | D:4      | Found Xutosij's Book Emporium.
  3263 | D:4      | Noticed a phantom
  3272 | D:4      | Killed a phantom
  3273 | D:4      | Reached skill level 4 in Staves
  3273 | D:4      | Reached XP level 6. HP: 42/56 MP: 6/6
  3381 | D:4      | Noticed a necrophage
  3388 | D:4      | Killed a necrophage
  3415 | D:4      | Reached skill level 5 in Staves
  3521 | D:4      | Reached XP level 7. HP: 10/62 MP: 7/7
  3971 | D:4      | Identified the ring of Xom's Amusement {rN+ Int-2 Dex+6
                  | Stlth+}
  3982 | D:4      | Reached skill level 6 in Staves
  3998 | D:4      | Slain by an ogre

Illustrated notes

Levels and vault maps discovered:
D:1:      dpeg_arrival_connections, layout_loops_cross
D:2:      layout_basic, serial_glass, glass_columns_c, glass_columns_c,
          minmay_strange_pillars, due_unseen_surprise,
          kennysheep_big_empty_room, minivault_26, minmay_misc_feat_rugged,
          nicolae_figureground_sparkle, uniq_crazy_yiuf_cottage
D:3:      layout_basic, amcnicky_altar_gilded,
          shapermc_ecumenical_altar_acropolis
D:4:      minmay_octagon_keep, layout_basic, serial_shops,
          nicolae_stop_n_shop_2, nicolae_take_the_stairs

Skill      XL: |  1  2  3  4  5  6  7 |
---------------+----------------------+-----
Long Blades    | 3 4 |  4.4
Staves         | 2 4 5 6 |  6.5
Fighting       | |  3.0
Armour         | |  2.4
Shields        | |  2.4

Action                   |  1- 3 |  4- 6 |  7- 9 || total
-------------------------+-------+-------+-------++-------
Melee: Long sword        |    77 |       |       ||    77
       Quarterstaff      |       |    97 |    34 ||   131
 Abil: Spit Poison       |    22 |       |       ||    22
  Use: Potion            |       |     2 |     1 ||     3
       Scroll            |       |       |     3 ||     3
Armor: Scale mail        |    29 |    57 |    12 ||    98
       Skin              |       |     3 |       ||     3
Dodge: Dodged            |    30 |    38 |    12 ||    80
Block: Buckler           |    16 |       |       ||    16
